 Dungeon Crawl Stone Soup version 0.20.0-15-g7f486f2 (webtiles) character file.

291 kuniqs the Stinger (level 6, 0/30 HPs)
             Began as a Vine Stalker Venom Mage on June 11, 2017.
             Succumbed to a worker ant's poison
             ... on level 4 of the Dungeon.
             The game lasted 00:09:07 (3571 turns).

kuniqs the Stinger (Vine Stalker Venom Mage)        Turns: 3571, Time: 00:09:08

Health: 0/30       AC:  6    Str: 15 (18) XL:     6   Next: 32%
Magic:  4/10       EV:  7    Int: 14 (15) God:
Gold:   174        SH: 14    Dex: 12 (14) Spells: 8/9 levels left

rFire    . . .     SeeInvis .   A - +0 short sword (speed)
rCold    . . .     Gourm    .   r - +2 large shield
rNeg     . . .     Faith    .   o - +0 ring mail
rPois    .         Spirit   +   (no helmet)
rElec    .         Reflect  .   (no cloak)
rCorr    .         Harm     .   (no gloves)
MR       .....                  q - +0 pair of boots
Stlth    +.........             (no amulet)
Regen    0.5/turn               (no ring)
MPRegen  0.2/turn               (no ring)

@: mighty, lethally poisoned (0 -> -11)
A: fangs 2, talons 1, mutation resistance 1, regeneration 1, magic shield,
antimagic bite, no potion heal 3, rot immunity, subdued magic 1
a: no special abilities


You were on level 4 of the Dungeon.
You were not hungry.

You visited 1 branch of the dungeon, and saw 4 of its levels.

You collected 174 gold pieces.

Inventory:

Hand Weapons
 A - a +0 short sword of speed (weapon)
Armour
 o - a +0 ring mail (worn)
 q - a +0 pair of boots (worn)
 r - a +2 large shield (worn)
Jewellery
 n - an uncursed ring of fire {unknown}
 s - an uncursed ring of resist corrosion {unknown}
Scrolls
 b - a scroll of fear {unknown}
 h - a scroll of fog {unknown}
 i - 2 scrolls of remove curse {unknown}
 l - 3 scrolls of enchant weapon {unknown}
 m - 3 scrolls of identify {unknown}
 t - a scroll of amnesia {unknown}
 y - a scroll of magic mapping {unknown}
Potions
 a - a potion of heal wounds {unknown}
 g - 2 potions of mutation
 j - a potion of brilliance {unknown}
 k - a potion of curing {unknown}
 p - a potion of cancellation
 v - a potion of might
 z - a potion of resistance {unknown}
Comestibles
 c - 2 chunks of flesh
 d - 3 bread rations
 e - 2 meat rations
 u - a royal jelly


   Skills:
 + Level 2.2 Fighting
 + Level 1.9 Short Blades
 + Level 2.4 Armour
 + Level 2.5 Dodging
 - Level 2.4 Stealth
 + Level 2.1 Shields
 - Level 2.1 Spellcasting
 - Level 1.0 Conjurations
 - Level 3.0 Poison Magic


You had 8 spell levels left.
You knew the following spells:

 Your Spells              Type           Power        Failure   Level  Hunger
a - Sting                 Conj/Pois      #...         98%         1    #......


Dungeon Overview and Level Annotations

Branches:
Dungeon (4/15)
 Temple: D:4-7

Altars:
Trog
Vehumet

Annotations:
D:3 Robin


Innate Abilities, Weirdness & Mutations

You have extremely sharp teeth.
Your natural rate of healing is unusually fast.
When hurt, damage is shared between your health and your magic reserves.
Your bite disrupts and absorbs the magic of your enemies.
Potions cannot restore your health.
You are immune to rotting.
You have sharp toenails.
You are somewhat resistant to further mutation.
Your spells are a little easier to cast, but a little less powerful.


Message History

The worker ant bites you but does no damage.
It was a potion of mutation.
You feel extremely strange.
Your connection to magic feels subdued.
Your toenails lengthen and sharpen.
You feel genetically stable.
* * * LOW HITPOINT WARNING * * *
You feel sick. You block the worker ant's attack.
It was a potion of degeneration.
There was something very wrong with that liquid.
You feel weakened.
You feel dopey.
You feel clumsy.
* * * LOW HITPOINT WARNING * * *
You feel sick. You block the worker ant's attack.
It was a potion of cancellation.
You feel magically purged.
* * * LOW HITPOINT WARNING * * *
You feel sick. The worker ant bites you.
* * * LOW HITPOINT WARNING * * *
You are more poisoned.
The worker ant poisons you! You block the worker ant's attack.
It was a potion of might.
You feel very mighty all of a sudden.
You die...

###.##.....#..####
......%##......... #.<#
#..#..##.#.# #..#
#..#..##.#.#
#..#####...........
#....o......(##.#.#
#..#####....# #.#># #..#
####.# #a#.# #..###### #.#
#@#.#######
#.......###.###.#<.......
###.####..o..[..>)########
....# #####.####.# .#..#
#.# #.# ...## ..# #.# #.##
#### #.# #.# #.###########
#.# #.#.........#


You could see a worker ant.

Vanquished Creatures
  An orc priest (D:4)
  2 jellies (D:2)
  Jessica (D:3)
  An orc wizard (D:4)
  3 adders (D:2)
  7 oozes (D:2)
  3 worms
  2 leopard geckos (D:2)
  7 giant cockroaches
  10 goblins
  8 hobgoblins
  2 jackals (D:1)
  7 bats
  4 frilled lizards
  16 kobolds
  12 rats
86 creatures vanquished.

Vanquished Creatures (others)
  2 fungi (D:2)
  8 toadstools (D:2)
10 creatures vanquished.

Grand Total: 96 creatures vanquished

Notes
Turn   | Place    | Note
-------+----------+-------------------------------------------
     0 | D:1      | kuniqs the Vine Stalker Venom Mage began the quest for the Orb.
     0 | D:1      | Reached XP level 1. HP: 9/9 MP: 4/4
   344 | D:1      | YESSS
   536 | D:1      | Reached XP level 2. HP: 14/14 MP: 6/6
  1199 | D:1      | Reached XP level 3. HP: 17/17 MP: 7/7
  1358 | D:1      | Reached skill level 1 in Shields
  1619 | D:1      | Reached skill level 1 in Armour
  1741 | D:2      | Reached skill level 1 in Short Blades
  1943 | D:2      | Reached skill level 1 in Fighting
  2307 | D:3      | Found a radiant altar of Vehumet.
  2604 | D:4      | Noticed a moth of wrath
  2607 | D:4      | Found a bloodstained altar of Trog.
  2656 | D:4      | Gained mutation: Your natural rate of healing is unusually fast. [Vine Stalker growth]
  2656 | D:4      | Reached XP level 4. HP: 18/22 MP: 3/8
  2844 | D:3      | Noticed Jessica
  2848 | D:3      | Killed Jessica
  3058 | D:2      | Reached XP level 5. HP: 22/25 MP: 7/9
  3260 | D:2      | Reached XP level 6. HP: 27/30 MP: 7/10
  3400 | D:3      | Noticed Robin
  3568 | D:4      | Gained mutation: Your spells are a little easier to cast, but a little less powerful. [potion of mutation]
  3568 | D:4      | Gained mutation: You have sharp toenails. [potion of mutation]
  3568 | D:4      | Gained mutation: You are somewhat resistant to further mutation. [potion of mutation]
  3571 | D:4      | Succumbed to a worker ant's poison

Skill      XL: |  1  2  3  4  5 |
---------------+----------------+-----
Shields        | 1 2 |  2.1
Armour         | 1 2 |  2.4
Short Blades   | 1 |  1.9
Fighting       | 1 2 |  2.2
Dodging        | 2 |  2.5
Stealth        | |  2.4
Spellcasting   | |  2.1
Conjurations   | |  1.0
Poison Magic   | |  3.0

Action                   |  1- 3 |  4- 6 || total
-------------------------+-------+-------++-------
Melee: Short sword       |   152 |   132 ||   284
       Unarmed           |     3 |       ||     3
       Bite              |    28 |    34 ||    62
       Rapier            |       |    63 ||    63
 Cast: Sting             |    16 |       ||    16
  Use: Potion            |       |     4 ||     4
 Stab: Sleeping          |     4 |     3 ||     7
  Eat: Chunk             |     6 |     3 ||     9
Armor: Robe              |    23 |       ||    23
       Ring mail         |    18 |    55 ||    73
Dodge: Dodged            |    73 |    30 ||   103
Block: Shield            |    40 |       ||    40
       Large shield      |    15 |   121 ||   136
